 Seeded DCSS version 0.30-a0-948-g4fa250aae5 (webtiles) character file.

Game seed: 20230326 (custom seed)

182 a11behringer the Slasher (level 5, -2/34 (41) HPs)
             Began as a Barachi Reaver on Mar 26, 2023.
             Killed by an exploding hound (33 damage)
             ... ignited by their inner flame
             ... on level 5 of the Dungeon.
             The game lasted 00:07:37 (2102 turns).

a11behringer the Slasher (Barachi Reaver)           Turns: 2102, Time: 00:07:37

HP:   -2/34 (41)    AC:  9    Str: 13    XL:     5   Next: 62%
MP:   9/9           EV: 11    Int: 16    God:
Gold: 80            SH:  0    Dex: 10    Spells: 7/9 levels left

rFire   . . .      SeeInvis .    a - +0 falchion (spect)
rCold   . . .      Faith    .    (no shield)
rNeg    . . .      Spirit   .    j - +1 swamp dragon scales
rPois   +          Reflect  .    (no helmet)
rElec   .          Rampage  .    (no cloak)
rCorr   .                        c - +0 pair of gloves
Will    .....                    (no boots) Stlth
                                 (no amulet)
HPRegen 0.25/turn                (no ring)
MPRegen 0.11/turn                (no ring)

@: unable to hop, heavily drained, slow
A: amphibious, slowness 1, strong legs 1, +LOS
a: Hop


You were on level 5 of the Dungeon.
You visited 1 branch of the dungeon, and saw 5 of its levels.

You collected 80 gold pieces.

Inventory:

Hand Weapons
 a - a +0 spectral falchion (weapon)
 d - a +0 rapier
 g - a +1 dagger of speed
Armour
 b - a +0 leather armour
 c - a +0 pair of gloves (worn)
 i - a +0 buckler
 j - +1 swamp dragon scales (worn)
Jewellery
 n - a ring of poison resistance
 o - a +5 ring of evasion
Scrolls
 e - a scroll of enchant armour
 m - a scroll of fear
 r - a scroll of silence {unknown}
Potions
 f - a potion of curing {unknown}
 k - a potion of brilliance
 l - a potion of haste {unknown}


   Skills:
 + Level 3.4 Fighting
 * Level 5.0 Long Blades
 + Level 1.7 Armour
 + Level 3.0 Dodging
 + Level 2.8 Spellcasting
 + Level 3.8 Conjurations
 + Level 1.3 Air Magic


You had 7 spell levels left.
You knew the following spells:

 Your Spells              Type           Power      Damage    Failure   Level
a - Kiss of Death         Conj/Necr      32%        2d7       19%         1
b - Shock                 Conj/Air       40%        1d5       14%         1

Your spell library contained the following spells:

 Spells                   Type           Power      Damage    Failure   Level
 Momentum Strike          Conj/Tloc      16%        3d8       28%         2
 Necrotise                Necr           8%         1d4       38%         1
 Hailstorm                Conj/Ice       8%         3d4       50%         3
 Swiftness                Air            6%         N/A       56%         3
 Vampiric Draining        Necr           2%         2d6       77%         3
 Airstrike                Air            3%         2d(1-17)  92%         4
 Agony                    Necr           2%         N/A       100%        5


Dungeon Overview and Level Annotations

Branches:
Dungeon (5/15)
 Temple: D:4-7

Altars:
Kikubaaqudgha
Okawaru

Shops:
D:4 [?

Annotations:
D:5 Menkaure


Innate Abilities, Weirdness & Mutations

You are amphibious.
You cover ground slowly.
You can hop short distances.
You have an extended range of vision and can be seen from far away.


Message History

The hound barely misses you. The hound bites you but does no damage.
The hound seems less drained.
The hound bites you but does no damage. The hound attacks as you move away!
The hound misses you. The hound closely misses you.
The hound attacks as you move away! The hound bites you.
The hound attacks as you move away!
The hound bites you but does no damage. x2
The hound misses you. The hound bites you. The hound closely misses you.
As you read the scroll labelled CAISID HOWN, it crumbles to dust.
It is a scroll of enchant armour.
Your +0 swamp dragon scales glow green for a moment.
The hound barely misses you. The hound bites you.
As you read the scroll labelled JIB QIYKLETIRO, it crumbles to dust.
You assume a fearsome visage.
The black bear looks frightened!
The orc looks frightened!
The hound looks frightened!
It was a scroll of fear.
As you read the scroll labelled NIGITHRYWUO, it crumbles to dust.
The creatures around you are filled with an inner flame!
It was a scroll of immolation.
Cornered, the hound turns to fight!
The hound misses you.
As you read the scroll labelled DUKUFRU UROIXTO, it crumbles to dust.
It is a scroll of identify.
k - a potion of brilliance The hound bites you but does no damage.
As you read the scroll labelled PETWACEDIE, it crumbles to dust.
It is a scroll of brand weapon.
Your +0 falchion acquires a faint afterimage.
a - a +0 spectral falchion (weapon)
The hound misses you. The hound barely misses you.
You barely miss the hound.
The hound is heavily wounded.
The hound closely misses you.
You hit the hound.
Flame seeps out of the hound.
The hound is almost dead.
The hound is engulfed in blazing flames.
The hound explodes!
The fiery explosion engulfs you!!
Ouch! That really hurt!
You die...

### #.#
#.##############
#...o.h...§○@..#
##.#################
#...h.o....).......#
##################.#
#.# #.# #o# #.# ...


You could see a black bear (inner flame, fleeing) and an orc (inner flame,
fleeing).

Vanquished Creatures
  A scorpion (D:5)
  2 iguanas (D:5)
  A hound (D:5)
  3 adders
  A dart slug (D:1)
  5 ball pythons
  3 endoplasms
  2 giant cockroaches (D:1)
  A goblin (D:1)
  6 hobgoblins
  4 jackals (D:1)
  4 kobolds
  3 bats (D:1)
  2 frilled lizards (D:1)
  4 rats
42 creatures vanquished.

Notes
Turn   | Place    | Note
-------+----------+-------------------------------------------
     0 | D:1      | a11behringer the Barachi Reaver began the quest for the
                  | Orb.
     0 | D:1      | Reached XP level 1. HP: 17/17 MP: 3/3
   169 | D:1      | Learned a level 1 spell: Shock
   176 | D:1      | Reached XP level 2. HP: 23/23 MP: 5/5
   293 | D:1      | Reached skill level 4 in Long Blades
   404 | D:1      | Reached XP level 3. HP: 28/28 MP: 6/6
  1024 | D:2      | Reached skill level 1 in Armour
  1350 | D:2      | Reached XP level 4. HP: 20/35 MP: 7/7
  1618 | D:4      | Found Zocaoth's Antique Armour Shoppe.
  1633 | D:4      | Noticed a scorpion
  1636 | D:4      | Found Acalause's Magic Scroll Boutique.
  1639 | D:5      | Entered Level 5 of the Dungeon
  1783 | D:5      | Noticed a scorpion
  1813 | D:5      | Killed a scorpion
  1814 | D:5      | Reached skill level 1 in Air Magic
  1814 | D:5      | Reached XP level 5. HP: 3/39 MP: 5/9
  1984 | D:5      | Found an ancient bone altar of Kikubaaqudgha.
  2013 | D:5      | Noticed Menkaure
  2033 | D:4      | Found an iron altar of Okawaru.
  2037 | D:4      | Reached skill level 5 in Long Blades
  2057 | D:5      | Noticed a black bear
  2102 | D:5      | Killed by an exploding hound... ignited by their inner
                  | flame

Illustrated notes

Levels and vault maps discovered:
D:1:      matt_arrival_spirals, layout_basic, minmay_bisected
D:2:      minmay_chambers_of_twos, layout_basic
D:3:      layout_basic, lemuel_doored_altar,
          mainiacjoe_overflow_six_doors_small, old_standard_altar,
          basic_ecumenical_altar
D:4:      layout_cave_pools, okawaru_metal_pillars_3,
          mainiacjoe_overflow_alcove_1, kennysheep_mini_moat, serial_shops,
          nicolae_lakefront_shop, nicolae_lakefront_shop, shop
D:5:      layout_basic, mainiacjoe_overflow_chevrons, gammafunk_ghost_cemetery,
          kennysheep_windowed_goal, uniq_menkaure, uniq_grinder

Skill      XL: |  1  2  3  4  5 |
---------------+----------------+-----
Long Blades    | 4 5 |  5.0
Armour         | 1 |  1.7
Fighting       | 3 |  3.4
Air Magic      | 1 |  1.3
Dodging        | 3 |  3.0
Spellcasting   | |  2.8
Conjurations   | |  3.8

Action                     |  1- 3 |  4- 6 || total
---------------------------+-------+-------++-------
  Melee: Falchion          |   128 |    48 ||   176
   Cast: Kiss of Death     |       |     3 ||     3
         Shock             |       |     1 ||     1
Ability: Hop               |     1 |     3 ||     4
    Use: Scroll            |       |     5 ||     5
 Armour: Leather armour    |    37 |       ||    37
         Swamp dragon scal |    48 |    24 ||    72
  Dodge: Dodged            |   109 |    50 ||   159

Table legend: (Time is in decaauts)
 A = Elapsed time spent in this place.
 B = Non-inter-level travel time spent in this place.
 C = Inter-level travel time spent in this place.
 D = Time resting spent in this place.
 E = Time spent auto-exploring this place.
 F = Levels seen in this place.
 G = Mean time per level.
                   A        B        C        D        E       F      G
               +--------+--------+--------+--------+--------+-----+--------+
         Total |   2404 |   2166 |    238 |      0 |   1709 |   5 |  480.8 |
       Dungeon |   2404 |   2166 |    238 |      0 |   1709 |   5 |  480.8 |
               +--------+--------+--------+--------+--------+-----+--------+

Top non-repeatable levels by time:
     D:1: 1007 daAuts
     D:2: 874 daAuts
     D:5: 467 daAuts
     D:4: 48 daAuts
     D:3: 6 daAuts
